TOP OF THE 1ST |
Port Royal Disaster batting - Pitching for Nashville Hot Chickens : RHP Steve Crabtree
|
Pitching: RHP Steve Crabtree
|
|
Batting: LHB Hambleton Oliver
|
0-0: Ball 1-0: Fly out, F4 (Flyball, 34D, EV 86.2 MPH)
|
Batting: LHB Rodger Parsons
|
0-0: Ball 1-0: Ball 2-0: SINGLE (Line Drive, 7S, EV 105.0 MPH)
|
Batting: LHB José Arroyo
|
0-0: Ball 1-0: Swinging Strike 1-1: Foul Ball, location: 2F 1-2: Ball 2-2: Strikes out swinging
|
Batting: LHB Tom Hancock
|
0-0: Ball 1-0: Ball 2-0: Called Strike 2-1: Foul Ball, location: 2F 2-2: Strikes out swinging
|
Top of the 1st over - 0 runs, 1 hit, 0 errors, 1 left on base; Port Royal 0 - Nashville 0 |
BOTTOM OF THE 1ST |
Nashville Hot Chickens batting - Pitching for Port Royal Disaster : RHP Andrew MacEwen
|
Pitching: RHP Andrew MacEwen
|
|
Batting: LHB Jason Melton
|
0-0: Called Strike 0-1: SINGLE (Line Drive, 7S, EV 88.1 MPH)
|
Batting: RHB Derek Tyerman
|
0-0: Called Strike 0-1: Swinging Strike 0-2: Ball 1-2: Strikes out swinging
|
Batting: LHB Alex Hann
|
0-0: Foul Ball, location: 2F 0-1: Ball Jason Melton steals 2nd base 1-1: Ball 2-1: Ball 3-1: Swinging Strike 3-2: Base on Balls
|
Batting: RHB Herb Thomas
|
0-0: Fly out, F8 (Flyball, 89S, EV 95.6 MPH)
|
Batting: SHB Waylon Meade
|
0-0: Fly out, F7 (Flyball, 78M, EV 85.6 MPH)
|
Bottom of the 1st over - 0 runs, 1 hit, 0 errors, 2 left on base; Port Royal 0 - Nashville 0 |
TOP OF THE 2ND |
Port Royal Disaster batting - Pitching for Nashville Hot Chickens : RHP Steve Crabtree
|
Batting: LHB Kane Tucker
|
0-0: Foul Ball, location: 2F 0-1: Ball 1-1: Foul Ball, location: 2F 1-2: Foul Ball, location: 2F 1-2: Foul Ball, location: 2F 1-2: Foul Ball, location: 2F 1-2: Fly out, F4 (Popup, 4MD, EV 59.4 MPH)
|
Batting: RHB Javier Villanueva
|
0-0: Called Strike 0-1: Swinging Strike 0-2: Ball 1-2: SINGLE (Groundball, 5D, EV 94.4 MPH)
|
Batting: RHB Artie Walden
|
0-0: Ball 1-0: Fly out, F9 (Flyball, 9, EV 87.5 MPH)
|
Batting: RHB Derrick MacComie
|
0-0: Called Strike 0-1: Called Strike 0-2: Foul Ball, location: 2F 0-2: DOUBLE (Line Drive, 3D, EV 98.1 MPH) Javier Villanueva to third Runner from 3rd tries for Home, SAFE, no throw by RF
|
Batting: RHB George Samuels
|
0-0: Ball 1-0: Ball 2-0: Called Strike 2-1: Foul Ball, location: 2F 2-2: Strikes out swinging
|
Top of the 2nd over - 1 run, 2 hits, 0 errors, 1 left on base; Port Royal 1 - Nashville 0 |
BOTTOM OF THE 2ND |
Nashville Hot Chickens batting - Pitching for Port Royal Disaster : RHP Andrew MacEwen
|
Batting: RHB Dong-su Yun
|
0-0: Foul Ball, location: 2F 0-1: Ball 1-1: Ball 2-1: Called Strike 2-2: Fly out, F8 (Line Drive, 8RM, EV 108.8 MPH)
|
Batting: RHB Ramón Lemus
|
0-0: Called Strike 0-1: Ground out U3 (Groundball, 3, EV 77.5 MPH)
|
Batting: RHB Stephen Clifton
|
0-0: Ball 1-0: Ball 2-0: Ball 3-0: Called Strike 3-1: Called Strike 3-2: Base on Balls
|
Batting: RHB Ryan O'Callahan
|
0-0: Called Strike 0-1: Ball 1-1: Foul Ball, location: 2F 1-2: Strikes out looking
|
Bottom of the 2nd over - 0 runs, 0 hits, 0 errors, 1 left on base; Port Royal 1 - Nashville 0 |
TOP OF THE 3RD |
Port Royal Disaster batting - Pitching for Nashville Hot Chickens : RHP Steve Crabtree
|
Batting: LHB Hambleton Oliver
|
0-0: Ball 1-0: SINGLE (Flyball, 9LS, EV 92.5 MPH)
|
Batting: LHB Rodger Parsons
|
0-0: Ball 1-0: Called Strike 1-1: Called Strike 1-2: Fly out, F2 (Popup, 15S, EV 92.5 MPH)
|
Batting: LHB José Arroyo
|
0-0: Called Strike 0-1: Ball 1-1: Ball 2-1: Called Strike 2-2: Foul Ball, location: 2F 2-2: Foul Ball, location: 2F 2-2: Foul Ball, location: 2F 2-2: Ball 3-2: Foul Ball, location: 2F 3-2: Strikes out swinging
|
Batting: LHB Tom Hancock
|
0-0: Ball 1-0: Called Strike 1-1: Ball 2-1: Ball 3-1: Base on Balls Hambleton Oliver to second
|
Batting: LHB Kane Tucker
|
0-0: Called Strike 0-1: Foul Ball, location: 2F 0-2: Fly out, F6 (Popup, 5DF, EV 68.8 MPH)
|
Top of the 3rd over - 0 runs, 1 hit, 0 errors, 2 left on base; Port Royal 1 - Nashville 0 |
BOTTOM OF THE 3RD |
Nashville Hot Chickens batting - Pitching for Port Royal Disaster : RHP Andrew MacEwen
|
Batting: LHB Jason Melton
|
0-0: Ball 1-0: Called Strike 1-1: Ball 2-1: Ball 3-1: SINGLE (Line Drive, 89S, EV 89.4 MPH)
|
Batting: RHB Derek Tyerman
|
0-0: Foul Ball, location: 2F 0-1: Ball 1-1: Called Strike 1-2: Foul Ball, location: 2F 1-2: Strikes out swinging
|
Batting: LHB Alex Hann
|
0-0: Ball Balk! Jason Melton to second 1-0: Ball 2-0: Ball Wild Pitch! Jason Melton to third 3-0: Base on Balls
|
Batting: RHB Herb Thomas
|
0-0: Ball 1-0: Swinging Strike 1-1: Reached via error on a dropped throw from 3B, E4 (Groundball, 56, EV 85.0 MPH) Jason Melton scores Alex Hann to second
|
Batting: SHB Waylon Meade
|
0-0: Called Strike 0-1: Fly out, F7 (Flyball, 7S, EV 84.4 MPH)
|
Batting: RHB Dong-su Yun
|
0-0: Ball 1-0: Ball 2-0: Called Strike 2-1: Foul Ball, location: 2F 2-2: Ball 3-2: Ground out 5-3 (Groundball, 56, EV 97.5 MPH)
|
Bottom of the 3rd over - 1 run, 1 hit, 1 error, 2 left on base; Port Royal 1 - Nashville 1 |
TOP OF THE 4TH |
Port Royal Disaster batting - Pitching for Nashville Hot Chickens : RHP Steve Crabtree
|
Batting: RHB Javier Villanueva
|
0-0: Foul Ball, location: 2F 0-1: Fly out, F5 (Flyball, 5D, EV 93.1 MPH)
|
Batting: RHB Artie Walden
|
0-0: Ball 1-0: Ball 2-0: Called Strike 2-1: Foul Ball, location: 2F 2-2: Foul Ball, location: 2F 2-2: Strikes out looking
|
Batting: RHB Derrick MacComie
|
0-0: Called Strike 0-1: Foul Ball, location: 2F 0-2: Strikes out swinging
|
Top of the 4th over - 0 runs, 0 hits, 0 errors, 0 left on base; Port Royal 1 - Nashville 1 |
BOTTOM OF THE 4TH |
Nashville Hot Chickens batting - Pitching for Port Royal Disaster : RHP Andrew MacEwen
|
Batting: RHB Ramón Lemus
|
0-0: Swinging Strike 0-1: Called Strike 0-2: Ball 1-2: Strikes out looking
|
Batting: RHB Stephen Clifton
|
0-0: Ball 1-0: Swinging Strike 1-1: Foul Ball, location: 2F 1-2: Strikes out swinging
|
Batting: RHB Ryan O'Callahan
|
0-0: Ball 1-0: Fly out, F7 (Flyball, 7LSF, EV 90.6 MPH)
|
Bottom of the 4th over - 0 runs, 0 hits, 0 errors, 0 left on base; Port Royal 1 - Nashville 1 |
TOP OF THE 5TH |
Port Royal Disaster batting - Pitching for Nashville Hot Chickens : RHP Steve Crabtree
|
Batting: RHB George Samuels
|
0-0: Swinging Strike 0-1: Foul Ball, location: 2F 0-2: Ball 1-2: Ball 2-2: Ball 3-2: Ground out 1-3 (Groundball, 15S, EV 69.4 MPH)
|
Batting: LHB Hambleton Oliver
|
0-0: Foul Ball, location: 2F 0-1: Ball 1-1: Foul Ball, location: 2F 1-2: Foul Ball, location: 2F 1-2: Foul Ball, location: 2F 1-2: Ball 2-2: Ball 3-2: Foul Ball, location: 2F 3-2: DOUBLE (Flyball, 89XD, EV 101.2 MPH)
|
Batting: LHB Rodger Parsons
|
0-0: Foul Ball, location: 2F 0-1: SINGLE (Flyball, 4D, EV 89.4 MPH) Hambleton Oliver to third
|
Batting: LHB José Arroyo
|
0-0: Fly out, F9 (Flyball, 9LMF, EV 86.2 MPH) Runner from 3rd tags up, SCORES, no throw by RF
|
Batting: LHB Tom Hancock
|
0-0: Ball 1-0: Ball 2-0: Ball 3-0: Called Strike 3-1: Called Strike 3-2: Fly out, F8 (Flyball, 8LD, EV 93.8 MPH)
|
Top of the 5th over - 1 run, 2 hits, 0 errors, 1 left on base; Port Royal 2 - Nashville 1 |
BOTTOM OF THE 5TH |
Nashville Hot Chickens batting - Pitching for Port Royal Disaster : RHP Andrew MacEwen
|
Batting: LHB Jason Melton
|
0-0: Ball 1-0: Called Strike 1-1: TRIPLE (Line Drive, 89XD, EV 103.8 MPH)
|
Batting: RHB Derek Tyerman
|
0-0: SINGLE (Line Drive, 5D, EV 93.8 MPH) Jason Melton scores
|
Batting: LHB Alex Hann
|
0-0: Called Strike 0-1: Ball 1-1: Ball 2-1: Foul Ball, location: 2F 2-2: Ball 3-2: Foul Ball, location: 2F 3-2: SINGLE (Line Drive, 9S, EV 93.8 MPH) Derek Tyerman to second Runner from 2nd tries for 3rd, SAFE, no throw by RF
|
Pinch Runner at 3rd Michael Wright:
|
|
Batting: RHB Herb Thomas
|
0-0: Swinging Strike 0-1: Grounds into double play, 5-4-3 (Groundball, 56, EV 108.8 MPH) Michael Wright scores
|
Batting: SHB Waylon Meade
|
0-0: Ground out 5-3 (Groundball, 5S, EV 86.2 MPH)
|
Bottom of the 5th over - 2 runs, 3 hits, 0 errors, 0 left on base; Port Royal 2 - Nashville 3 |
TOP OF THE 6TH |
Port Royal Disaster batting - Pitching for Nashville Hot Chickens : RHP Steve Crabtree
|
Now in RF: Michael Wright
|
|
Batting: LHB Kane Tucker
|
0-0: Called Strike 0-1: Ball 1-1: Fly out, F8 (Flyball, 8LD, EV 93.8 MPH)
|
Batting: RHB Javier Villanueva
|
0-0: Ball 1-0: Foul Ball, location: 2F 1-1: Called Strike 1-2: Strikes out swinging
|
Batting: RHB Artie Walden
|
0-0: Ball 1-0: Foul Ball, location: 2F 1-1: Ground out 6-3 (Groundball, 6, EV 107.5 MPH)
|
Top of the 6th over - 0 runs, 0 hits, 0 errors, 0 left on base; Port Royal 2 - Nashville 3 |
BOTTOM OF THE 6TH |
Nashville Hot Chickens batting - Pitching for Port Royal Disaster : RHP Andrew MacEwen
|
Batting: RHB Dong-su Yun
|
0-0: Ball 1-0: Fly out, F8 (Flyball, 8LM, EV 80.6 MPH)
|
Batting: RHB Ramón Lemus
|
0-0: Ball 1-0: Ball 2-0: Fly out, F3 (Popup, 3SF, EV 83.1 MPH)
|
Batting: RHB Stephen Clifton
|
0-0: Swinging Strike 0-1: DOUBLE (Line Drive, 3D, EV 94.4 MPH)
|
Batting: RHB Ryan O'Callahan
|
0-0: Ball 1-0: Foul Ball, location: 2F 1-1: Foul Ball, location: 2F 1-2: Foul Ball, location: 2F 1-2: Foul Ball, location: 2F 1-2: Ground out 4-3 (Groundball, 4M, EV 106.9 MPH)
|
Bottom of the 6th over - 0 runs, 1 hit, 0 errors, 1 left on base; Port Royal 2 - Nashville 3 |
TOP OF THE 7TH |
Port Royal Disaster batting - Pitching for Nashville Hot Chickens : RHP Steve Crabtree
|
Pinch Hitting: SHB Fernando Delgado
|
0-0: Ball 1-0: SINGLE (Groundball, 6MD, EV 101.2 MPH)
|
Pitching: RHP Valentín Jiménez
|
|
Batting: RHB George Samuels
|
0-0: Bunted foul 0-1: Bunt - Flyout to 13! F1
|
Batting: LHB Hambleton Oliver
|
0-0: Ball 1-0: Called Strike 1-1: Ball 2-1: 2-RUN HOME RUN (Flyball, 7D, EV 98.1 MPH), Distance : 374 ft
|
Batting: LHB Rodger Parsons
|
0-0: Ball 1-0: Fly out, F7 (Line Drive, 78M, EV 91.9 MPH)
|
Batting: LHB José Arroyo
|
0-0: Ball 1-0: Ball 2-0: Ball 3-0: Base on Balls
|
Batting: LHB Tom Hancock
|
0-0: Swinging Strike 0-1: Ball Wild Pitch! José Arroyo to second 1-1: Called Strike 1-2: Foul Ball, location: 2F 1-2: Strikes out looking
|
Top of the 7th over - 2 runs, 2 hits, 0 errors, 1 left on base; Port Royal 4 - Nashville 3 |
BOTTOM OF THE 7TH |
Nashville Hot Chickens batting - Pitching for Port Royal Disaster : RHP Andrew MacEwen
|
Now in CF: Bill Jackson
|
|
Batting: LHB Jason Melton
|
0-0: Ball 1-0: Called Strike 1-1: Foul Ball, location: 2F 1-2: Ball 2-2: Foul Ball, location: 2F 2-2: Ground out 4-3 (Groundball, 4, EV 81.9 MPH)
|
Batting: SHB Michael Wright
|
0-0: Called Strike 0-1: SINGLE (Groundball, 34D, EV 101.2 MPH)
|
Batting: LHB Alex Hann
|
0-0: Swinging Strike 0-1: Foul Ball, location: 2F 0-2: Strikes out swinging
|
Pitching: LHP Mike White
|
|
Batting: RHB Herb Thomas
|
0-0: Ball 1-0: Fly out, F8 (Flyball, 8LD, EV 101.2 MPH)
|
Bottom of the 7th over - 0 runs, 1 hit, 0 errors, 1 left on base; Port Royal 4 - Nashville 3 |
TOP OF THE 8TH |
Port Royal Disaster batting - Pitching for Nashville Hot Chickens : RHP Valentín Jiménez
|
Batting: LHB Kane Tucker
|
0-0: Called Strike 0-1: SINGLE (Flyball, 4D, EV 90.6 MPH)
|
Batting: RHB Javier Villanueva
|
0-0: Ball 1-0: Called Strike 1-1: Ball 2-1: Ball 3-1: Base on Balls Kane Tucker to second
|
Batting: RHB Artie Walden
|
0-0: Sac Bunt to 13S - play at first, batter OUT! 1-4 Kane Tucker to third Javier Villanueva to second
|
Batting: RHB Bill Jackson
|
0-0: Intentional Walk
|
Batting: RHB George Samuels
|
0-0: Ball Wild Pitch! Kane Tucker scores Javier Villanueva to third Bill Jackson to second 1-0: Ball 2-0: Ball 3-0: Called Strike 3-1: Ground out 5-3 (Groundball, 56S, EV 80.0 MPH)
|
Batting: LHB Hambleton Oliver
|
0-0: Ball 1-0: Foul Ball, location: 2F 1-1: Called Strike 1-2: Ball 2-2: Strikes out looking
|
Top of the 8th over - 1 run, 1 hit, 0 errors, 2 left on base; Port Royal 5 - Nashville 3 |
BOTTOM OF THE 8TH |
Nashville Hot Chickens batting - Pitching for Port Royal Disaster : LHP Mike White
|
Batting: SHB Waylon Meade
|
0-0: Swinging Strike 0-1: Ball 1-1: Called Strike 1-2: Foul Ball, location: 2F 1-2: Ball 2-2: Ground out 2-3 (Groundball, 15S, EV 71.2 MPH)
|
Batting: RHB Dong-su Yun
|
0-0: Called Strike 0-1: Ball 1-1: Foul Ball, location: 2F 1-2: Foul Ball, location: 2F 1-2: Ball 2-2: Foul Ball, location: 2F 2-2: Ground out U3 (Groundball, 34, EV 100.0 MPH)
|
Batting: RHB Ramón Lemus
|
0-0: Called Strike 0-1: Ball 1-1: Ball 2-1: SINGLE (Groundball, 56D, EV 96.2 MPH)
|
Batting: RHB Stephen Clifton
|
0-0: SINGLE (Groundball, 56D, EV 108.1 MPH) Ramón Lemus to second
|
Batting: RHB Ryan O'Callahan
|
0-0: Called Strike 0-1: Swinging Strike 0-2: Ball 1-2: Strikes out swinging
|
Bottom of the 8th over - 0 runs, 2 hits, 0 errors, 2 left on base; Port Royal 5 - Nashville 3 |
TOP OF THE 9TH |
Port Royal Disaster batting - Pitching for Nashville Hot Chickens : RHP Valentín Jiménez
|
Batting: LHB Rodger Parsons
|
0-0: Swinging Strike 0-1: Ball 1-1: Fly out, F6 (Line Drive, 6D, EV 71.2 MPH)
|
Batting: LHB José Arroyo
|
0-0: Ball 1-0: Swinging Strike 1-1: Ball 2-1: Foul Ball, location: 2F 2-2: Strikes out looking
|
Batting: LHB Tom Hancock
|
0-0: Called Strike 0-1: Called Strike 0-2: Strikes out swinging
|
Top of the 9th over - 0 runs, 0 hits, 0 errors, 0 left on base; Port Royal 5 - Nashville 3 |
BOTTOM OF THE 9TH |
Nashville Hot Chickens batting - Pitching for Port Royal Disaster : LHP Mike White
|
Pitching: LHP José Pérez
|
|
Now at 1B: Shu-yaan Seema
|
|
Batting: LHB Jason Melton
|
0-0: Foul Ball, location: 2F 0-1: Ball 1-1: Fly out, F8 (Flyball, 8RD, EV 95.6 MPH)
|
Batting: SHB Michael Wright
|
0-0: Foul Ball, location: 2F 0-1: Ball 1-1: Called Strike 1-2: Ball 2-2: Foul Ball, location: 2F 2-2: Ball 3-2: Fly out, F8 (Flyball, 8LM, EV 72.5 MPH)
|
Batting: LHB Alex Hann
|
0-0: Called Strike 0-1: Called Strike 0-2: SINGLE (Flyball, 8LS, EV 87.5 MPH)
|
Batting: RHB Herb Thomas
|
0-0: Swinging Strike 0-1: Fielders Choice at 2nd, 6-4 (Groundball, 6, EV 84.4 MPH)
|
Bottom of the 9th over - 0 runs, 1 hit, 0 errors, 1 left on base; Port Royal 5 - Nashville 3 |
|